[Event "Titled Tuesday Blitz March 14 Late 2023"]
[White "Karas, Marek"]
[Black "Meunier-Pion, Jean"]
[WhiteFideId "14928558"]
[BlackFideId "20685327"]
[WhiteElo "2233"]
[BlackElo "2124"]
[Result "1-0"]
[Round "11"]
[TimeControl "180+2"]
[Date "2023.03.14"]
[WhiteClock "0:00:15"]
[BlackClock "0:00:11"]

1. e3 d5 2. Nf3 Nf6 3. c4 c6 4. b3 Bg4 5. Bb2 e6 6. h3 Bh5 7. Nc3 Bd6 8. Be2 O-O 9. g4 Bg6 10. d3 e5 11. cxd5 cxd5 12. g5 Nh5 13. Nxd5 Qa5+ 14. Nc3 Bb4 15. Rc1 Qxa2 16. Qc2 Rc8 17. O-O Qa6 18. Nxe5 Qe6 19. Nxg6 hxg6 20. Bg4 Qe8 21. Bxc8 Qxc8 22. Nd5 Nc6 23. Kg2 Qf5 24. Nxb4 Qxg5+ 25. Kh1 Nxb4 26. Qc5 Qh4 27. Kg2 Nxd3 28. Qd4 Qxd4 29. Bxd4 Nxc1 30. Rxc1 a5 31. Rc7 b5 32. Rb7 a4 33. Rxb5 a3 34. Ba1 Nf6 35. b4 Ne4 36. Ra5 Rb8 37. Rxa3 Rxb4 38. Ra2 Nd6 39. Bd4 Rb5 40. Ra8+ Kh7 41. Ra7 Nf5 42. Rxf7 Rd5 43. Bb2 Nh4+ 44. Kg3 Rg5+ 45. Kxh4 Rg2 46. Rxg7+ Kh6 47. Bf6 g5+ 48. Rxg5 Rxf2 49. Be7 Kh7 50. Rg4 Rf3 51. Bg5 Kg6 52. Bf4+ Kh7 53. Rg5 Rf1 54. Kg4 Rb1 55. Kf5 Rb5+ 56. Kg4 Rb3 57. h4 Rb1 58. h5 Rg1+ 59. Kf5 Rb1 60. e4 Rb5+ 61. e5 Rb2 62. h6 Rb7 63. Rg7+ Rxg7 64. hxg7 Kg8 65. e6 Kxg7 66. Ke5 Kf8 67. Kd6 Ke8 68. e7 Kf7 69. Kd7 Kf6 70. e8=Q Kf5 71. Qe5+ Kg6 72. Qe6+ Kg7 73. Be5+ Kf8 74. Qf6+ Kg8 75. Qg7# 1-0


[Site "https://www.chess.com"]

[Event "Titled Tuesday Blitz March 14 Late 2023"]
[White "Urbina Perez, Juan Antonio"]
[Black "Becham, Khalid"]
[WhiteFideId "2217368"]
[BlackFideId "9000275"]
[WhiteElo "2197"]
[BlackElo "2081"]
[Result "1-0"]
[Round "11"]
[TimeControl "180+2"]
[Date "2023.03.14"]
[WhiteClock "0:00:26"]
[BlackClock "0:00:19"]

1. c4 f5 2. Nc3 Nf6 3. d3 g6 4. Nf3 Bg7 5. g3 O-O 6. Bg2 d6 7. O-O Nc6 8. Rb1 a5 9. a3 Nh5 10. Qc2 f4 11. b4 axb4 12. axb4 Bg4 13. Nb5 Qd7 14. Bb2 e5 15. d4 Nxb4 16. Qb3 Nc6 17. dxe5 dxe5 18. Rbd1 Qf7 19. Ng5 Qe7 20. Ne4 Bxe2 21. Ba3 Rxa3 22. Nxa3 Bxf1 23. Bxf1 Nd4 24. Qb2 fxg3 25. hxg3 Nf6 26. Bg2 Ng4 27. Rd2 Nxf2 28. Rxf2 Rxf2 29. Kxf2 Qf7+ 30. Kg1 Bh6 31. Nc2 Ne2+ 32. Kh2 Qf5 33. c5 Qh5+ 34. Bh3 Qf3 35. Qb4 Bf8 36. Qc4+ Kg7 37. Ne1 Qe3 38. Bg2 g5 39. Qd5 h5 40. Qxe5+ Kg8 41. Nf6+ Kf7 42. Qxe3 1-0


[Site "https://www.chess.com"]

[Event "Titled Tuesday Blitz March 14 Late 2023"]
[White "Wang, Alexander J"]
[Black "Petukhov, Dmitry"]
[WhiteFideId "30955270"]
[BlackFideId "4142748"]
[WhiteElo "2257"]
[BlackElo "2311"]
[Result "0-1"]
[Round "11"]
[TimeControl "180+2"]
[Date "2023.03.14"]
[WhiteClock "0:00:23"]
[BlackClock "0:00:49"]

1. e4 d5 2. exd5 Qxd5 3. Nc3 Qa5 4. Nf3 Nf6 5. d4 Nc6 6. Be3 Bg4 7. h3 Bh5 8. Be2 O-O-O 9. O-O e5 10. Nxe5 Nxe5 11. Bxh5 Ng6 12. Bg4+ Kb8 13. Qe2 Bd6 14. Bf3 Nh4 15. g3 Nxf3+ 16. Qxf3 Rhe8 17. Rab1 Bb4 18. a3 Bxc3 19. bxc3 b6 20. Bf4 Qd5 21. Qxd5 Nxd5 22. Bd2 Re2 23. Rbd1 Nf6 24. Rfe1 Rde8 25. Kf1 Rxe1+ 26. Rxe1 Rxe1+ 27. Kxe1 b5 28. Bf4 Kb7 29. f3 Nd5 30. Kd2 Nb6 31. Kd3 Nc4 32. Bc1 c6 33. a4 a6 34. axb5 axb5 35. Bf4 f5 36. Be5 g6 37. f4 Kb6 38. g4 Ka5 39. gxf5 gxf5 40. Ke2 Ka4 41. Kd1 Ka3 42. Kc1 Ka2 43. Bf6 Ne3 44. Be5 Nd5 45. Kd2 Kb2 46. Kd3 Kc1 47. Bd6 Nb6 48. Ba3+ Kd1 49. Be7 Ke1 50. c4 bxc4+ 51. Kc3 Nd5+ 52. Kxc4 Nxe7 53. Kc5 Ke2 54. Kd6 Nd5 55. Kxc6 Nxf4 56. d5 Nxd5 57. Kxd5 f4 58. c4 f3 59. c5 f2 60. c6 f1=Q 61. c7 Qf5+ 62. Kd6 Qxh3 63. Kc6 Qc8 64. Kb6 h5 65. Kc6 h4 66. Kb6 h3 67. Kc5 h2 68. Kd6 h1=Q 69. Ke5 Qxc7+ 70. Kd4 Qh4+ 71. Kd5 Qhc4# 0-1


[Site "https://www.chess.com"]

[Event "Titled Tuesday Blitz March 14 Late 2023"]
[White "Rodrigues, Tiago Pereira"]
[Black "Harish, Neeraj"]
[WhiteFideId "2101203"]
[BlackFideId "30958130"]
[WhiteElo "2168"]
[BlackElo "1963"]
[Result "1-0"]
[Round "11"]
[TimeControl "180+2"]
[Date "2023.03.14"]
[WhiteClock "0:00:35"]
[BlackClock "0:00:21"]

1. d4 d5 2. Bf4 Nf6 3. e3 c6 4. c4 e6 5. Nc3 Nbd7 6. h3 Be7 7. Nf3 O-O 8. Qc2 h6 9. c5 b6 10. b4 a5 11. b5 bxc5 12. bxc6 Nb6 13. Rb1 Nc4 14. Bxc4 dxc4 15. c7 Qe8 16. Rb8 Ra7 17. O-O Rb7 18. Rb1 Rxb1+ 19. Qxb1 Nd5 20. Nxd5 exd5 21. Qb6 c3 22. Qb3 cxd4 23. Nxd4 Qd7 24. Qxc3 Bb4 25. Qc6 Qxc6 26. Nxc6 Bd7 27. Nxb4 axb4 28. Bd6 Rc8 29. Bxb4 Kh7 30. Bd6 Kg6 31. a4 Kf5 32. a5 Ke6 33. Bg3 d4 34. exd4 Kd5 35. a6 Kc6 36. a7 1-0


[Site "https://www.chess.com"]

[Event "Titled Tuesday Blitz March 14 Late 2023"]
[White "Saravana, Krishnan P."]
[Black "Bach, Matthias"]
[WhiteFideId "5018382"]
[BlackFideId "4603168"]
[WhiteElo "2189"]
[BlackElo "2165"]
[Result "0-1"]
[Round "11"]
[TimeControl "180+2"]
[Date "2023.03.14"]
[WhiteClock "0:00:37"]
[BlackClock "0:01:35"]

1. e4 e5 2. Nf3 Nc6 3. Bb5 Bc5 4. O-O d6 5. c3 a6 6. Ba4 Ba7 7. d4 exd4 8. Nxd4 Ne7 9. Qh5 O-O 10. Nf3 Ng6 11. Ng5 h6 12. Bb3 Nce5 13. Nxf7 Rxf7 14. Qe2 Bg4 15. Bxf7+ Kxf7 16. Qc2 Qh4 17. Kh1 Nf3 18. Qb3+ Ke7 0-1


[Site "https://www.chess.com"]

[Event "Titled Tuesday Blitz March 14 Late 2023"]
[White "Zampronha, Wladimir Camilo"]
[Black "JackRodgers"]
[WhiteFideId "2103087"]
[WhiteElo "2176"]
[BlackElo "2488"]
[Result "0-1"]
[Round "11"]
[TimeControl "180+2"]
[Date "2023.03.14"]
[WhiteClock "0:00:02"]
[BlackClock "0:00:07"]

1. e4 c5 2. Nf3 g6 3. d4 cxd4 4. Nxd4 Nc6 5. Nc3 Bg7 6. Be3 Nf6 7. Bc4 O-O 8. Bb3 Qa5 9. O-O d6 10. h3 Bd7 11. f4 Nxd4 12. Bxd4 Bc6 13. Qe1 Rfe8 14. f5 Rad8 15. fxg6 hxg6 16. Qh4 d5 17. Bxf6 Bxf6 18. Rxf6 exf6 19. exd5 Bxd5 20. Nxd5 Rxd5 21. Bxd5 Qxd5 22. Qxf6 Qc5+ 23. Kh1 Qxc2 24. Rf1 Qc4 25. b3 Qe6 26. Qxe6 Rxe6 27. Kg1 Kf8 28. Kf2 Ra6 29. a4 Rc6 30. Re1 Rc3 31. Re3 Rc1 32. Re1 Rc5 33. Re3 b5 34. axb5 Rxb5 35. Rc3 a5 36. Rc8+ Ke7 37. Ra8 f5 38. Ra6 Kf7 39. g3 Kg7 40. h4 Kh6 41. Ra8 Kh5 42. Ra6 Rxb3 43. Rxa5 Rb2+ 44. Kf3 Rb3+ 45. Kf2 Kg4 46. Ra4+ Kh3 47. Ra1 Rxg3 48. h5 gxh5 49. Rh1+ Kg4 50. Rxh5 Rf3+ 51. Kg2 Ra3 52. Rh8 Ra2+ 53. Kg1 Kg3 54. Rg8+ Kf3 55. Re8 Ra1+ 56. Kh2 f4 57. Re7 Kf2 58. Re6 f3 0-1


[Site "https://www.chess.com"]

[Event "Titled Tuesday Blitz March 14 Late 2023"]
[White "Shapiro, Viktor"]
[Black "Barash, Anton"]
[WhiteFideId "4175700"]
[BlackFideId "30935229"]
[WhiteElo "2152"]
[BlackElo "2331"]
[Result "1-0"]
[Round "11"]
[TimeControl "180+2"]
[Date "2023.03.14"]
[WhiteClock "0:02:58"]
[BlackClock "0:02:14"]

1. Nf3 Nf6 2. g3 g6 3. Bg2 Bg7 4. d3 O-O 5. O-O d6 6. c4 c5 7. Nc3 Nc6 8. a3 Bg4 9. Rb1 Qd7 10. b4 cxb4 11. axb4 Bh3 12. b5 Bxg2 13. bxc6 Qh3 14. Ng5 Qh5 15. Kxg2 Ng4 16. h3 1-0


[Site "https://www.chess.com"]

[Event "Titled Tuesday Blitz March 14 Late 2023"]
[White "Bove, Alessandro"]
[Black "Goncalves, Davi Sulzbacher"]
[WhiteFideId "814121"]
[BlackFideId "2154510"]
[WhiteElo "2387"]
[BlackElo "2182"]
[Result "1-0"]
[Round "11"]
[TimeControl "180+2"]
[Date "2023.03.14"]
[WhiteClock "0:01:19"]
[BlackClock "0:00:01"]

1. d4 Nf6 2. Nf3 e6 3. Bg5 h6 4. Bh4 b6 5. e3 Bb7 6. Nbd2 d6 7. Be2 Nbd7 8. c3 g5 9. Bg3 Ne4 10. Nxe4 Bxe4 11. Bd3 Nf6 12. Qc2 Bxd3 13. Qxd3 Qd7 14. O-O-O b5 15. e4 d5 16. Ne5 dxe4 17. Nxd7 exd3 18. Nxf6+ Ke7 19. Ne4 f5 20. Be5 Rh7 21. Nc5 h5 22. Rxd3 c6 23. Re1 Kf7 24. g3 h4 25. f4 g4 26. Nb7 hxg3 27. hxg3 Rh3 28. Na5 Rc8 29. Nb3 Be7 30. Kc2 Ra8 31. Nc5 a5 32. Bc7 Rh6 33. Nd7 Ra6 34. Rdd1 a4 35. Rh1 Rxh1 36. Rxh1 Ra7 37. Ne5+ Kg7 38. Bb8 Rb7 39. Nxc6 Bf6 40. Be5 1-0


[Site "https://www.chess.com"]

[Event "Titled Tuesday Blitz March 14 Late 2023"]
[White "Kalajzic, Ivan"]
[Black "Senft, Sean"]
[WhiteFideId "14506378"]
[BlackFideId "2044960"]
[WhiteElo "2203"]
[BlackElo "1989"]
[Result "0-1"]
[Round "11"]
[TimeControl "180+2"]
[Date "2023.03.14"]
[WhiteClock "0:00:01"]
[BlackClock "0:00:32"]

1. c4 c6 2. e4 d5 3. Nc3 dxe4 4. Nxe4 Bf5 5. Ng3 Bg6 6. Nf3 e6 7. Ne5 Bd6 8. Nxg6 hxg6 9. Ne4 Bc7 10. g3 Nf6 11. Qc2 Nxe4 12. Qxe4 Nd7 13. Bg2 Nc5 14. Qc2 Nd3+ 15. Ke2 Nxc1+ 16. Raxc1 Qd4 17. Qc3 Qc5 18. d4 Qh5+ 19. Qf3 Qa5 20. a3 O-O-O 21. b4 Qg5 22. Rcd1 f6 23. h4 Qh6 24. b5 e5 25. bxc6 e4 26. cxb7+ Kb8 27. Qe3 Qh5+ 28. Ke1 Ba5+ 29. Rd2 f5 30. Qf4+ Kxb7 31. g4 Bxd2+ 32. Qxd2 Qxg4 33. Qb4+ Kc7 34. Qc5+ Kd7 35. Qxa7+ Ke8 36. Qxg7 Rf8 37. Qe5+ Kf7 38. Rg1 Rfe8 39. Qc7+ Kg8 40. h5 Qxh5 41. Bf1 Rxd4 42. Be2 Qh7 43. Qc5 Red8 0-1


[Site "https://www.chess.com"]

[Event "Titled Tuesday Blitz March 14 Late 2023"]
[White "Davidson, Kevin"]
[Black "Delgado Rosas, Fatima Alexandra"]
[WhiteFideId "2056810"]
[BlackFideId "6603963"]
[WhiteElo "2151"]
[BlackElo "2330"]
[Result "1/2-1/2"]
[Round "11"]
[TimeControl "180+2"]
[Date "2023.03.14"]
[WhiteClock "0:00:05"]
[BlackClock "0:01:19"]

1. e4 Nc6 2. Nf3 d5 3. exd5 Qxd5 4. Nc3 Qh5 5. Nb5 Kd8 6. d4 Bg4 7. Be2 a6 8. d5 Ne5 9. Nbd4 Nf6 10. c4 g6 11. Bf4 Nxf3+ 12. Nxf3 Bh6 13. Qd2 Bxf4 14. Qxf4 Qf5 15. Qxf5 Bxf5 16. Ne5 Ke8 17. O-O-O Nd7 18. f4 Nxe5 19. fxe5 h5 20. Rhf1 Kd7 21. Rf4 Rad8 22. Rdf1 Kc8 23. Bf3 e6 24. Rd1 g5 25. Rfd4 g4 26. Be2 Rhe8 27. d6 cxd6 28. Rxd6 Rxd6 29. Rxd6 Rd8 30. c5 Kc7 31. Rxd8 Kxd8 32. Kd2 Kc7 33. Kc3 h4 34. g3 h3 35. Kd4 Kc6 36. b4 Kc7 37. Bc4 Bb1 38. a3 Bc2 39. Be2 Bf5 40. Bc4 Bc2 41. Ba2 Bd1 42. Bc4 Bc2 1/2-1/2


[Site "https://www.chess.com"]

[Event "Titled Tuesday Blitz March 14 Late 2023"]
[White "Chan, Kim Yew"]
[Black "Biriukov, Ilja"]
[WhiteFideId "5717981"]
[BlackFideId "4113373"]
[WhiteElo "2206"]
[BlackElo "2426"]
[Result "0-1"]
[Round "11"]
[TimeControl "180+2"]
[Date "2023.03.14"]
[WhiteClock "0:00:11"]
[BlackClock "0:00:13"]

1. d4 Nf6 2. c4 g6 3. Nf3 Bg7 4. Nc3 d6 5. Bg5 O-O 6. e3 h6 7. Bh4 Nbd7 8. Be2 c6 9. Qc2 e5 10. O-O g5 11. Bg3 Nh5 12. Rfd1 Nxg3 13. hxg3 Qe7 14. Bd3 Nf6 15. c5 exd4 16. cxd6 Qxd6 17. Nxd4 Qe5 18. Nf3 Qe7 19. Bc4 Bg4 20. Rd2 Rad8 21. Rad1 Bh5 22. Bd3 a6 23. Ne2 Bg4 24. Ned4 Nd5 25. a3 Nc7 26. Bf5 Bxf3 27. gxf3 c5 28. Bh7+ Kh8 29. Nf5 Qf6 30. Nxg7 Kxg7 31. Be4 Rxd2 32. Qxd2 b5 33. Qd7 Ne6 34. Rd2 Rd8 0-1


[Site "https://www.chess.com"]

[Event "Titled Tuesday Blitz March 14 Late 2023"]
[White "Romero Ruscalleda, Josep"]
[Black "Hoffmann, Asa"]
[WhiteFideId "2231859"]
[BlackFideId "2001470"]
[WhiteElo "2183"]
[BlackElo "2117"]
[Result "1-0"]
[Round "11"]
[TimeControl "180+2"]
[Date "2023.03.14"]
[WhiteClock "0:00:17"]
[BlackClock "0:00:16"]

1. e4 d6 2. d4 Nf6 3. Nc3 c6 4. Nf3 Bg4 5. h3 Bh5 6. Be2 e6 7. O-O d5 8. e5 Nfd7 9. Nh2 Bg6 10. f4 c5 11. Be3 cxd4 12. Bxd4 Nc6 13. Bf2 Bc5 14. g4 Bxf2+ 15. Rxf2 Be4 16. Nxe4 dxe4 17. Bb5 Qb6 18. Bxc6 bxc6 19. c3 O-O-O 20. Qe2 Nc5 21. Kh1 Rd3 22. b4 Na4 23. Qxe4 Rxh3 24. Rf3 Nxc3 25. Qd3 Rxf3 26. Nxf3 Nd5 27. Qe4 Qe3 28. Re1 Qxe4 29. Rxe4 Kb7 30. a3 Rd8 31. f5 Nb6 32. Ng5 exf5 33. gxf5 f6 34. Ne6 Rd1+ 35. Kg2 fxe5 36. Nc5+ Kc7 37. Rxe5 Nd5 38. Re8 a5 39. bxa5 Rc1 40. Ne6+ Kd6 41. Nxg7 c5 42. a6 Ra1 43. a7 Nc7 44. Ne6 Rxa3 45. Nxc7 Rxa7 46. Nb5+ Kd7 47. Nxa7 Kxe8 48. Kf3 Kf7 49. Nc6 Kf6 50. Kf4 c4 51. Ne5 c3 52. Ng4+ Kg7 53. Ne3 h5 54. Kg5 Kf7 55. Kxh5 Kf6 56. Kg4 Ke5 57. Kg5 Ke4 58. Nc2 Kd3 59. Nb4+ Kc4 60. Na2 c2 61. f6 Kb3 62. Nc1+ Kb2 63. Ne2 Kb1 64. f7 1-0


[Site "https://www.chess.com"]

[Event "Titled Tuesday Blitz March 14 Late 2023"]
[White "Chabris, Christopher"]
[Black "Melikhov, Evgeny V."]
[WhiteFideId "2005263"]
[BlackFideId "4122046"]
[WhiteElo "2216"]
[BlackElo "2158"]
[Result "1-0"]
[Round "11"]
[TimeControl "180+2"]
[Date "2023.03.14"]
[WhiteClock "0:00:09"]
[BlackClock "0:00:10"]

1. e4 c5 2. Nf3 d6 3. Bb5+ Nd7 4. d4 cxd4 5. Qxd4 a6 6. Bxd7+ Bxd7 7. c4 Nf6 8. Bg5 e6 9. Nc3 Be7 10. O-O O-O 11. Rfe1 Bc6 12. Qd3 h6 13. Bh4 Rb8 14. a4 b6 15. Nd4 Bb7 16. f4 Nh5 17. Bxe7 Qxe7 18. g3 Nf6 19. Rad1 Rfd8 20. Qe3 Nd7 21. Nf3 Rbc8 22. b3 Nc5 23. Nd4 Qc7 24. Rc1 Qb8 25. b4 Nd7 26. Qd3 Qa8 27. Nd1 Nf6 28. Nf2 Rc7 29. Rc3 Rdc8 30. Rec1 Nxe4 31. Nxe4 Bxe4 32. Qe3 Bh1 33. R1c2 Be4 34. Rc1 h5 35. h3 Bg2 36. Kh2 h4 37. gxh4 Be4 38. Rg1 g6 39. h5 Kg7 40. hxg6 Bxg6 41. f5 exf5 42. Nxf5+ Kg8 43. Qh6 1-0


[Site "https://www.chess.com"]

[Event "Titled Tuesday Blitz March 14 Late 2023"]
[White "Rego, Pedro Filipe"]
[Black "Tagliati, Eleonore"]
[WhiteFideId "1904310"]
[BlackFideId "45172234"]
[WhiteElo "2193"]
[BlackElo "2247"]
[Result "1/2-1/2"]
[Round "11"]
[TimeControl "180+2"]
[Date "2023.03.14"]
[WhiteClock "0:01:41"]
[BlackClock "0:01:11"]

1. b3 e5 2. Bb2 Nc6 3. e3 Nf6 4. Bb5 Bd6 5. Ne2 a6 6. Bxc6 dxc6 7. O-O O-O 8. d4 exd4 9. Qxd4 Bf5 10. Qh4 Be7 11. Nd4 Bg6 12. Qg3 Ne4 13. Qf3 Ng5 14. Qe2 c5 15. Nf3 Bh5 16. Nbd2 Bf6 17. Bxf6 Qxf6 18. Rad1 Rad8 19. e4 Nxf3+ 20. Nxf3 Bxf3 21. Qxf3 Qxf3 22. gxf3 f6 23. Rfe1 Kf7 24. Kf1 Ke6 25. Ke2 Rd6 26. Rxd6+ Kxd6 27. Ke3 Ke7 28. Rg1 g6 29. Rd1 Rd8 30. Rxd8 Kxd8 31. e5 Ke7 32. Ke4 c6 33. c4 Ke6 34. f4 b6 35. a3 h6 36. a4 f5+ 37. Ke3 Ke7 38. h4 h5 39. Kd3 Ke6 40. Kc3 a5 41. Kd2 Ke7 42. Ke3 Ke6 43. Kf3 Ke7 44. Ke3 Ke6 45. Kd3 Ke7 46. Kc2 Ke6 47. Kb2 Ke7 48. Ka3 Ke6 49. Ka2 Ke7 50. Kb1 Ke6 51. Kc1 Ke7 52. Kb2 Ke6 53. Kc1 Ke7 54. Kd1 Ke6 55. Ke1 Ke7 56. Ke2 Ke6 57. Kf3 Ke7 58. Kg2 Ke6 59. Kh3 Ke7 60. Kh2 Ke6 61. Kh1 Ke7 62. Kg2 Ke6 63. Kg1 Ke7 64. Kf1 Ke6 65. Ke2 Ke7 66. Ke3 1/2-1/2


[Site "https://www.chess.com"]

[Event "Titled Tuesday Blitz March 14 Late 2023"]
[White "Campelo, Leandro Fabricio"]
[Black "Mickiewicz, Piotr"]
[WhiteFideId "2103346"]
[BlackFideId "1114891"]
[WhiteElo "2070"]
[BlackElo "2246"]
[Result "1-0"]
[Round "11"]
[TimeControl "180+2"]
[Date "2023.03.14"]
[WhiteClock "0:00:26"]
[BlackClock "0:00:07"]

1. e4 c5 2. Nf3 e6 3. d4 cxd4 4. Nxd4 Nf6 5. Nc3 d6 6. g4 Nfd7 7. g5 a6 8. Rg1 Nc6 9. h4 Nde5 10. Be3 Nxd4 11. Bxd4 Nc6 12. Be3 b5 13. h5 b4 14. Ne2 e5 15. g6 hxg6 16. hxg6 Be6 17. gxf7+ Bxf7 18. Ng3 g6 19. Qd2 Qc7 20. O-O-O Bxa2 21. Ne2 Be6 22. Rxg6 Bf7 23. Rf6 Qa5 24. Qd3 Rc8 25. Rxf7 Kxf7 26. Qb3+ Kf6 27. f4 Be7 28. fxe5+ Nxe5 29. Nf4 Nc4 30. Bxc4 Rh2 31. Nd5+ Kg7 32. Bd4+ Kh7 33. Qa2 Qxa2 34. Bxa2 Rcxc2+ 35. Kb1 Rcd2 36. Rxd2 Rxd2 37. Be3 Re2 38. Bc4 Re1+ 39. Kc2 Bd8 40. Bxa6 Rh1 41. Bd3 Rh2+ 42. Kb3 Rh3 43. e5+ Kg7 44. exd6 Kf7 45. Kxb4 Ke6 46. Bc4 Kxd6 47. Bc5+ Kc6 48. b3 Rh4 49. Nc3 Kb7 50. Kb5 Kc8 51. Nd5 Rh5 52. b4 Kd7 53. Nb6+ Kc7 54. Nd5+ Kb7 55. Nf4 Rf5 56. Ne6 Bb6 57. Bd3 Re5 58. Nd4 Ka7 59. Kc4 Ka8 60. Bxb6 Re2 61. Bc5 Kb7 62. b5 1-0


[Site "https://www.chess.com"]

[Event "Titled Tuesday Blitz March 14 Late 2023"]
[White "Reprintsev, Alexander"]
[Black "Manu_ChessExcelsior"]
[WhiteFideId "14100541"]
[WhiteElo "2229"]
[BlackElo "2054"]
[Result "0-1"]
[Round "11"]
[TimeControl "180+2"]
[Date "2023.03.14"]
[WhiteClock "0:00:03"]
[BlackClock "0:00:06"]

1. e4 e5 2. f4 exf4 3. Bc4 Nf6 4. Nc3 c6 5. Bb3 d5 6. exd5 cxd5 7. d4 Be6 8. Bxf4 Nc6 9. Nf3 Bd6 10. Qd2 Na5 11. Ba4+ Nc6 12. O-O O-O 13. Bg5 Be7 14. Rae1 Rc8 15. Bb3 Qd7 16. Ne5 Qc7 17. Kh1 a6 18. h3 b5 19. Rf3 Qb6 20. Nxc6 Rxc6 21. Bxf6 Bxf6 22. Nxd5 Bxd5 23. Bxd5 Rd6 24. Rxf6 Rxf6 25. c3 b4 26. c4 Rd8 27. b3 a5 28. Qe3 h6 29. Qe7 Qd6 30. Qxd6 Rdxd6 31. Re8+ Kh7 32. Be4+ g6 33. d5 Kg7 34. c5 Rd7 35. d6 Rf2 36. Bc6 Ra7 37. Ra8 Rxa8 38. Bxa8 Rd2 39. Bc6 Kf6 40. Ba4 Ke6 41. Kh2 Rc2 42. d7 Ke7 43. c6 Kd8 44. Kg3 Rxa2 45. Kf4 Rxg2 46. Ke5 Rd2 47. Kf6 Rf2+ 48. Kg7 f5 49. Kxg6 f4 50. Kf5 f3 51. Ke4 Rf1 52. Ke3 Rh1 53. Kxf3 Rxh3+ 54. Ke4 Rc3 55. Kd5 Kc7 56. Bb5 h5 57. Ke6 h4 58. Ke7 Re3+ 59. Kf7 h3 60. d8=Q+ Kxd8 61. c7+ Kxc7 0-1


[Site "https://www.chess.com"]

[Event "Titled Tuesday Blitz March 14 Late 2023"]
[White "Fule, Simon"]
[Black "Ardila, Oscar Humberto"]
[WhiteFideId "787515"]
[BlackFideId "4404742"]
[WhiteElo "2382"]
[BlackElo "1911"]
[Result "0-1"]
[Round "11"]
[TimeControl "180+2"]
[Date "2023.03.14"]
[WhiteClock "0:00:11"]
[BlackClock "0:00:19"]

1. e4 e5 2. Nf3 Nf6 3. Nc3 Nc6 4. Be2 Bb4 5. Nd5 Ba5 6. O-O O-O 7. d3 h6 8. c3 d6 9. a4 a6 10. b4 Bb6 11. h3 Nxd5 12. exd5 Ne7 13. c4 f5 14. Be3 Bxe3 15. fxe3 Qe8 16. Qe1 g5 17. Nd2 Qg6 18. Qf2 f4 19. Ne4 Bf5 20. Bf3 Kh8 21. Kh2 h5 22. g4 fxg3+ 23. Qxg3 h4 24. Qg2 Rg8 25. Rg1 Qh6 26. Raf1 Rg7 27. Bg4 Rf8 28. Nf2 Bh7 29. Ne4 Rgf7 30. Rxf7 Rxf7 31. Rf1 Bxe4 32. dxe4 Qf8 33. Rxf7 Qxf7 34. Qf3 Qxf3 35. Bxf3 Kg7 36. Kg2 Kf6 37. Bg4 b6 38. Kf2 a5 39. bxa5 bxa5 40. Ke2 c6 41. Bd7 c5 42. Kf3 Ng8 43. Be6 Nh6 44. Bd7 Ke7 45. Be6 Kd8 46. Bg4 Kc7 47. Be6 Kd8 48. Bg4 Ke7 49. Bc8 Kf6 50. Be6 Kg6 51. Bc8 Kh5 52. Bd7 Ng8 53. Be6 Nf6 54. Bf7+ Kh6 55. Be6 Kg6 56. Bf5+ Kg7 57. Be6 Nh5 58. Kg4 Kh6 59. Bf5 Ng3 60. Kf3 Kg7 61. Kg4 Kf6 62. Bh7 Nf1 63. Kf3 Nd2+ 64. Ke2 Nxc4 65. Kd3 Nb6 66. Bf5 Nxa4 67. Bd7 Nb2+ 68. Kc2 Nc4 69. Kd3 Nb6 70. Be6 Na8 71. Kc4 Nc7 72. Bd7 Ke7 73. Bc6 Kd8 74. Ba4 Kc8 75. Bd1 Kb7 76. Ba4 Kb6 77. Bd7 Na6 78. Bb5 Nb4 79. Bd7 Nc2 80. Kd3 Ne1+ 81. Ke2 Nc2 82. Ba4 Na3 83. Kf3 Nb5 84. Kg4 Nc3 85. Kxg5 Nxa4 86. Kxh4 Nc3 87. Kg3 a4 88. h4 a3 89. h5 a2 90. h6 a1=Q 91. h7 Qh1 92. h8=Q Qxh8 0-1


[Site "https://www.chess.com"]

[Event "Titled Tuesday Blitz March 14 Late 2023"]
[White "babbilator"]
[Black "Rios Escobar, Adan"]
[BlackFideId "3403645"]
[WhiteElo "2225"]
[BlackElo "2365"]
[Result "0-1"]
[Round "11"]
[TimeControl "180+2"]
[Date "2023.03.14"]
[WhiteClock "0:00:02"]
[BlackClock "0:00:04"]

1. e4 c5 2. Nc3 d6 3. Nf3 Nf6 4. d4 cxd4 5. Nxd4 a6 6. f4 Qc7 7. Be2 Nc6 8. Be3 g6 9. g4 Bg7 10. g5 Nd7 11. Nb3 b5 12. Qd2 Bb7 13. O-O-O Nb4 14. Bd4 e5 15. fxe5 Nxe5 16. a3 Nbc6 17. Nd5 Qd8 18. Bb6 Qd7 19. Nc7+ Ke7 20. Nxa8 Rxa8 21. Nd4 Rc8 22. Nxc6+ Qxc6 23. Be3 b4 24. axb4 Ke8 25. Kb1 Qa4 26. Bd3 Nc6 27. c3 a5 28. Bc2 Qb5 29. Qxd6 axb4 30. cxb4 Nxb4 31. Bb6 Nxc2 0-1


[Site "https://www.chess.com"]

[Event "Titled Tuesday Blitz March 14 Late 2023"]
[White "Leonte, Sebastian-Marian"]
[Black "Quispe Santacruz, Javier"]
[WhiteFideId "1268767"]
[BlackFideId "3800920"]
[WhiteElo "2339"]
[BlackElo "1875"]
[Result "1/2-1/2"]
[Round "11"]
[TimeControl "180+2"]
[Date "2023.03.14"]
[WhiteClock "0:00:02"]
[BlackClock "0:00:07"]

1. e4 c5 2. Nf3 d6 3. d4 cxd4 4. Nxd4 Nf6 5. Nc3 g6 6. Be3 Bg7 7. f3 O-O 8. Bc4 Nc6 9. Bb3 Bd7 10. Qd2 Rc8 11. O-O-O Nxd4 12. Bxd4 b5 13. Nd5 Nxd5 14. Bxg7 Kxg7 15. exd5 a5 16. a3 Kg8 17. Rhe1 Rc5 18. Re3 b4 19. axb4 axb4 20. Qxb4 Qa8 21. Bc4 Rb8 22. Ra3 Rxb4 23. Rxa8+ Kg7 24. b3 Bb5 25. c3 Rbxc4 26. bxc4 Bxc4 27. Ra7 Kf6 28. Re1 Bxd5 29. Raxe7 Rxc3+ 30. Kd2 Ra3 31. Rc7 Be6 32. Rc3 Ra2+ 33. Rc2 Ra3 34. Re3 Ra1 35. Rb2 d5 36. Ke2 h5 37. Kf2 Rc1 38. Rd2 Rc4 39. Red3 Rc5 40. Rd4 Ra5 41. Rf4+ Kg7 42. Re2 Rb5 43. Re5 Rb3 44. Rd4 Rb2+ 45. Kg3 Ra2 46. h4 Rb2 47. Rd3 Ra2 48. Rde3 Rb2 49. Rxe6 fxe6 50. Rxe6 Rb5 51. Rd6 Kf7 52. Kf4 Rb2 53. g3 Rb5 54. Kg5 d4+ 55. Kh6 Rf5 56. f4 Ra5 57. Rxd4 Ra6 58. Rd7+ Kf6 59. Rg7 Kf5 60. Kh7 Rb6 61. Rf7+ Kg4 62. f5 gxf5 63. Rg7+ Kh3 64. Rg5 Rb3 65. Rxf5 Kxg3 66. Rxh5 Rb4 67. Rg5+ Kxh4 68. Rg7 Rg4 69. Rxg4+ Kxg4 1/2-1/2


[Site "https://www.chess.com"]

[Event "Titled Tuesday Blitz March 14 Late 2023"]
[White "Todev, Simeon"]
[Black "Winslow, Elliott"]
[WhiteFideId "2925133"]
[BlackFideId "2002523"]
[WhiteElo "1938"]
[BlackElo "2224"]
[Result "0-1"]
[Round "11"]
[TimeControl "180+2"]
[Date "2023.03.14"]
[WhiteClock "0:00:01"]
[BlackClock "0:00:37"]

1. e4 c5 2. Nf3 d6 3. c3 Nf6 4. Bd3 Bg4 5. Bc2 Nc6 6. O-O e5 7. h3 Bxf3 8. Qxf3 Be7 9. Na3 O-O 10. Nc4 d5 11. exd5 Qxd5 12. Qxd5 Nxd5 13. Be4 Rad8 14. d3 f5 15. Bxd5+ Rxd5 16. Re1 Rxd3 17. Be3 b6 18. f4 e4 19. Rad1 Rfd8 20. Rxd3 Rxd3 21. Kf2 Bh4+ 22. g3 Bf6 23. Ke2 Kf7 24. Bf2 Ke6 25. Be3 g6 26. Bc1 Rxg3 27. Rd1 Rxh3 28. Rd6+ Ke7 29. Rxc6 h6 30. Rc7+ Ke6 31. Rc6+ Ke7 32. Be3 g5 33. Rc7+ Ke6 34. Rxa7 Rh2+ 35. Kd1 g4 36. Rb7 h5 37. Rxb6+ Ke7 38. Bxc5+ Kf7 39. Nd6+ Ke6 40. Nxe4+ Kd5 41. Nxf6+ Kxc5 42. Nd7+ Kd5 43. b3 g3 44. Nf6+ Kc5 45. Nd7+ Kd5 46. c4+ Kd4 47. Rd6+ Kc3 48. Ke1 h4 49. c5 Rxa2 50. c6 g2 51. Rd1 0-1


[Site "https://www.chess.com"]

[Event "Titled Tuesday Blitz March 14 Late 2023"]
[White "Sabar, Ethmane Daouda"]
[Black "Friedel, Tom"]
[WhiteFideId "19600097"]
[BlackFideId "2002108"]
[WhiteElo "1950"]
[BlackElo "2272"]
[Result "1/2-1/2"]
[Round "11"]
[TimeControl "180+2"]
[Date "2023.03.14"]
[WhiteClock "0:00:20"]
[BlackClock "0:00:07"]

1. e4 c6 2. d3 d5 3. Nd2 e5 4. Ngf3 Bd6 5. b3 Nf6 6. Bb2 Nbd7 7. c4 O-O 8. Be2 dxe4 9. dxe4 Re8 10. O-O a5 11. a4 Qc7 12. h3 Nc5 13. Qc2 Ne6 14. g3 Nc5 15. Kg2 h6 16. Rad1 Be6 17. Ne1 Rad8 18. f3 Qc8 19. Rh1 b6 20. Nd3 Nxd3 21. Qxd3 Bc5 22. Qc2 Bd4 23. Nf1 Bxb2 24. Qxb2 Rxd1 25. Bxd1 Rd8 26. Be2 Qc7 27. Ne3 Rd4 28. Rd1 Qd6 29. Rxd4 exd4 30. Nd1 c5 31. Nf2 Bd7 32. Nd3 Qe6 33. g4 Bc6 34. Qd2 Nd7 35. Kf2 Qd6 36. Qf4 Qxf4 37. Nxf4 f6 38. Nd5 Kf7 39. f4 g5 40. Bf3 gxf4 41. Nxf4 Ne5 42. Ke2 Bb7 43. Nd3 Ke6 44. Nf4+ Kf7 45. Bg2 Bc6 46. Kd2 Bb7 47. Ke2 Bc6 48. Kd2 Bb7 49. Ke2 1/2-1/2


[Site "https://www.chess.com"]